[Event "Titled Tuesday Blitz June 21 Early 2022"]
[White "Martin, Lewis"]
[Black "Kozin, Yuri"]
[WhiteFideId "410551"]
[BlackFideId "4129920"]
[WhiteElo "2145"]
[BlackElo "2591"]
[Result "1-0"]
[Round "03"]
[TimeControl "180+1"]
[Date "2022.06.22"]
[WhiteClock "0:00:08"]
[BlackClock "0:00:12"]

1. e4 c5 2. Nf3 e6 3. d4 cxd4 4. Nxd4 a6 5. Nc3 Qc7 6. g3 Bb4 7. Ne2 Nf6 8. Bg2 O-O 9. O-O Nc6 10. Bf4 d6 11. a3 Bc5 12. b4 e5 13. bxc5 exf4 14. cxd6 Qa5 15. gxf4 Be6 16. e5 Nd7 17. Nd5 Bxd5 18. Qxd5 Nc5 19. Ng3 Rae8 20. Ne4 Nxe4 21. Qxa5 Nxa5 22. Bxe4 g5 23. Bd5 gxf4 24. Rfe1 Kg7 25. Kg2 Rc8 26. Rab1 b5 27. Rb4 Rxc2 28. a4 Rd2 29. Be4 bxa4 30. Rxa4 Nb3 31. Bb1 a5 32. Rxf4 Nd4 33. Kh3 f5 34. e6 Nc6 35. e7 Re8 36. Rg1+ Kf6 37. Rxf5+ Ke6 38. Re1+ Kd7 39. Rf7 Rxd6 40. Rxh7 Rxe7 41. Rhxe7+ Nxe7 42. Bc2 Rd2 43. Ba4+ Kd6 44. Kg3 Nd5 45. Rd1 Ra2 46. Bb3 Ra3 47. Rxd5+ Kc6 48. Rd3 Kc5 49. Rf3 Kb4 50. Bd1 Ra1 51. Be2 a4 52. h4 a3 53. Rf4+ Kb3 54. Bc4+ Kc3 55. Bf7 Rh1 56. Kg4 Kb2 57. Kg5 a2 58. Bxa2 Kxa2 59. h5 Kb3 60. h6 Rg1+ 61. Kf6 Rg8 62. h7 Rh8 63. Kg7 1-0


[Site "https://www.chess.com"]

[Event "Titled Tuesday Blitz June 21 Early 2022"]
[White "Melaugh, Shane"]
[Black "Vakhlamov, Igor L."]
[WhiteFideId "2509580"]
[BlackFideId "24126748"]
[WhiteElo "1972"]
[BlackElo "2401"]
[Result "0-1"]
[Round "03"]
[TimeControl "180+1"]
[Date "2022.06.22"]
[WhiteClock "0:00:21"]
[BlackClock "0:01:00"]

1. c4 Nf6 2. Nc3 c5 3. g3 d5 4. cxd5 Nxd5 5. Bg2 Nc7 6. e3 e5 7. Nge2 Be7 8. O-O O-O 9. f4 exf4 10. Nxf4 Nc6 11. Nfd5 Nxd5 12. Nxd5 Be6 13. Nxe7+ Qxe7 14. b3 Rad8 15. Qc2 Bd5 16. Bb2 Bxg2 17. Kxg2 Nb4 18. Qc3 Qe4+ 19. Kg1 f6 20. d4 Nc2 21. Rac1 Nxe3 22. Rf2 cxd4 23. Qe1 Rd7 24. Rd1 Re8 25. Rdd2 d3 26. Qc1 h6 27. Rf4 Qe6 28. Rdf2 Ng4 29. Rf1 d2 30. Qb1 Ne3 31. Qg6 Nxf1 32. Rxf6 Qe3+ 33. Kg2 d1=Q 34. Rxf1 Qde2+ 35. Kh3 Qxf1+ 36. Kh4 Re4+ 37. g4 Qfh3# 0-1


[Site "https://www.chess.com"]

[Event "Titled Tuesday Blitz June 21 Early 2022"]
[White "Mickiewicz, Piotr"]
[Black "Xiong, Jeffery"]
[WhiteFideId "1114891"]
[BlackFideId "2047640"]
[WhiteElo "2209"]
[BlackElo "2714"]
[Result "0-1"]
[Round "03"]
[TimeControl "180+1"]
[Date "2022.06.22"]
[WhiteClock "0:00:11"]
[BlackClock "0:01:09"]

1. e4 c5 2. Nf3 d6 3. d4 cxd4 4. Nxd4 Nf6 5. Nc3 a6 6. Be2 e5 7. Nb3 Be7 8. Be3 Be6 9. Nd5 Bxd5 10. exd5 O-O 11. c4 Nbd7 12. O-O Rc8 13. Nd2 Ne8 14. b4 f5 15. f3 Bg5 16. Qb3 g6 17. Rfc1 Ng7 18. Rab1 Bxe3+ 19. Qxe3 f4 20. Qf2 Nf5 21. Ne4 Nf6 22. Bd3 Nxe4 23. Bxe4 Ne3 24. c5 Qe7 25. cxd6 Qxd6 26. Qd2 b5 27. Kh1 Rc4 28. Rxc4 bxc4 29. b5 axb5 30. Rxb5 Ra8 31. Qb2 Kg7 32. g3 Kh6 33. gxf4 exf4 34. Rb7 c3 35. Qxc3 Rxa2 36. Qg7+ Kg5 37. h4+ Kxh4 38. Qh6+ Kg3 39. Qh2+ Rxh2+ 40. Kg1 Qc5 0-1


[Site "https://www.chess.com"]

[Event "Titled Tuesday Blitz June 21 Early 2022"]
[White "Mindlin, Alon"]
[Black "Devaev, Alexander"]
[WhiteFideId "2800071"]
[BlackFideId "4169395"]
[WhiteElo "2390"]
[BlackElo "2185"]
[Result "1-0"]
[Round "03"]
[TimeControl "180+1"]
[Date "2022.06.22"]
[WhiteClock "0:00:49"]
[BlackClock "0:00:04"]

1. d4 Nf6 2. c4 e6 3. Nf3 c5 4. e3 cxd4 5. exd4 d5 6. Nc3 Bb4 7. Bd3 dxc4 8. Bxc4 Nc6 9. O-O O-O 10. Bg5 Bxc3 11. bxc3 Ne7 12. Bd3 b6 13. Bxf6 gxf6 14. Be4 Rb8 15. Re1 Qc7 16. Qd2 Kg7 17. Re3 Bb7 18. Bxh7 Rh8 19. Be4 Rbg8 20. Rae1 Kf8 21. Qd3 Nf5 22. R3e2 Nh4 23. Nxh4 Rxh4 24. g3 Rh5 25. Qf3 Bxe4 26. Qxh5 Bg6 27. Qh6+ Ke7 28. d5 e5 29. Qd2 Kd6 30. f4 Re8 31. fxe5+ fxe5 32. Rxe5 Rxe5 33. Rxe5 Qc5+ 34. Qe3 Qa3 35. Qf4 Kc5 36. d6+ Kc6 37. Re1 Qxa2 38. Qd4 1-0


[Site "https://www.chess.com"]

[Event "Titled Tuesday Blitz June 21 Early 2022"]
[White "Molina, Roberto Junio Brito"]
[Black "Yedidia, Daniel"]
[WhiteFideId "2109450"]
[BlackFideId "30905907"]
[WhiteElo "2432"]
[BlackElo "2581"]
[Result "1-0"]
[Round "03"]
[TimeControl "180+1"]
[Date "2022.06.21"]
[WhiteClock "0:00:31"]
[BlackClock "0:00:11"]

1. d4 Nf6 2. c4 e6 3. Nf3 b6 4. g3 Ba6 5. Qa4 Bb7 6. Bg2 c5 7. dxc5 Bxc5 8. O-O O-O 9. Nc3 a6 10. Bg5 Be7 11. Rfd1 Bc6 12. Qc2 h6 13. Bf4 d5 14. Ne5 Bb7 15. cxd5 exd5 16. Nxd5 Nxd5 17. Bxd5 Bxd5 18. e4 Qc8 19. Qxc8 Rxc8 20. exd5 Bd6 21. Rac1 Rd8 22. Nd3 Bxf4 23. Nxf4 Nd7 24. Rc7 Rac8 25. Rdc1 Rxc7 26. Rxc7 Nf6 27. Rc6 Nxd5 28. Nxd5 Rxd5 29. Rxb6 Rd2 30. h4 g6 31. Kg2 Kg7 32. Kf3 a5 33. a4 Rc2 34. Ke3 g5 35. hxg5 hxg5 36. g4 Rc4 37. b3 Rxg4 38. Rb5 Rh4 39. Rxg5+ Kf6 40. Rxa5 Rb4 41. Rb5 1-0


[Site "https://www.chess.com"]

[Event "Titled Tuesday Blitz June 21 Early 2022"]
[White "Namitbir Singh Walia"]
[Black "Einarsson, Halldor Gretar"]
[WhiteFideId "35071068"]
[BlackFideId "2300150"]
[WhiteElo "1565"]
[BlackElo "2114"]
[Result "1-0"]
[Round "03"]
[TimeControl "180+1"]
[Date "2022.06.22"]
[WhiteClock "0:00:21"]
[BlackClock "0:00:04"]

1. d4 Nf6 2. c4 g6 3. g3 Bg7 4. Bg2 c6 5. Nf3 d5 6. cxd5 cxd5 7. Nc3 O-O 8. Ne5 Nc6 9. O-O Bf5 10. Nxc6 bxc6 11. Na4 Ne4 12. b3 c5 13. Bb2 cxd4 14. Bxd4 e5 15. Bb2 Rc8 16. Rc1 Qa5 17. g4 Bxg4 18. f3 Bh6 19. Rxc8 Rxc8 20. fxe4 d4 21. Bf3 Bh3 22. Bg2 Be3+ 23. Kh1 Bd7 24. Qe1 Qa6 25. Qg3 Qe6 26. Ba3 Rc2 27. Nc5 1-0


[Site "https://www.chess.com"]

[Event "Titled Tuesday Blitz June 21 Early 2022"]
[White "Nilssen, Ellen Fredericia"]
[Black "Mestnikov, Aisen"]
[WhiteFideId "1441230"]
[BlackFideId "34130117"]
[WhiteElo "2094"]
[BlackElo "2027"]
[Result "1-0"]
[Round "03"]
[TimeControl "180+1"]
[Date "2022.06.22"]
[WhiteClock "0:00:10"]
[BlackClock "0:00:08"]

1. Nf3 Nf6 2. b3 d5 3. Bb2 c5 4. e3 Nc6 5. Bb5 Bd7 6. O-O e6 7. d4 Be7 8. c4 O-O 9. cxd5 Nxd5 10. Nc3 Bf6 11. Nxd5 exd5 12. Ba3 b6 13. Rc1 Nb8 14. Bxd7 Nxd7 15. dxc5 Nxc5 16. Bxc5 bxc5 17. Rxc5 Qb6 18. Rxd5 Rac8 19. Qe2 Rc7 20. h4 Rfc8 21. Rfd1 h6 22. Nd4 Bxd4 23. R5xd4 Rc2 24. Qg4 Qf6 25. R1d2 Rc1+ 26. Kh2 R1c2 27. h5 R2c5 28. Rd5 Rc1 29. Rd6 Qe5+ 30. f4 Qxe3 31. Rd8+ Qe8 32. Rxe8+ Rxe8 33. Rd7 Ree1 34. Rd8+ Kh7 35. Qf5+ g6 36. Qxf7# 1-0


[Site "https://www.chess.com"]

[Event "Titled Tuesday Blitz June 21 Early 2022"]
[White "Nunez V, Gustavo Eduardo"]
[Black "Starozhilov, Leonid"]
[WhiteFideId "4403690"]
[BlackFideId "14106752"]
[WhiteElo "2228"]
[BlackElo "2414"]
[Result "0-1"]
[Round "03"]
[TimeControl "180+1"]
[Date "2022.06.22"]
[WhiteClock "0:00:11"]
[BlackClock "0:00:04"]

1. e4 Nc6 2. d4 d6 3. c4 Nf6 4. Nc3 g6 5. g3 Bg7 6. Bg2 e5 7. d5 Nd4 8. Nge2 Bg4 9. Qd3 Bxe2 10. Nxe2 Nd7 11. Be3 Nc5 12. Qd1 Nxe2 13. Qxe2 a5 14. h4 h5 15. Bxc5 dxc5 16. Bh3 a4 17. O-O O-O 18. b3 Ra6 19. Qe3 Qd6 20. Rfb1 Rfa8 21. b4 b6 22. a3 cxb4 23. axb4 Bf8 24. Bf1 R6a7 25. Ra2 a3 26. Rb3 Ra4 27. Raxa3 Kg7 28. Rxa4 Rxa4 29. c5 bxc5 30. bxc5 Qxc5 31. Qxc5 Bxc5 32. Rc3 Bb6 33. Rc2 Rxe4 34. Bg2 Rd4 35. Kh2 e4 36. Re2 f5 37. f3 exf3 38. Bxf3 f4 39. gxf4 Rxf4 40. Kg3 Rd4 41. Re7+ Kf6 42. Rd7 Bc5 43. Rh7 Bd6+ 44. Kf2 Rxh4 45. Ke3 Rb4 46. Rh8 Rb3+ 47. Ke2 Kg5 48. Re8 h4 49. Rg8 h3 50. Be4 h2 51. Rxg6+ Kf4 52. Bg2 Rb2+ 53. Kf1 Bc5 54. Rh6 Rf2+ 55. Ke1 Rxg2 56. Rh4+ Kg5 57. Rh5+ Kxh5 58. Kf1 h1=Q# 0-1


[Site "https://www.chess.com"]

[Event "Titled Tuesday Blitz June 21 Early 2022"]
[White "Onslow, Alfie"]
[Black "Guz, Ari"]
[WhiteFideId "436976"]
[BlackFideId "2825759"]
[WhiteElo "1885"]
[BlackElo "1913"]
[Result "0-1"]
[Round "03"]
[TimeControl "180+1"]
[Date "2022.06.22"]
[WhiteClock "0:00:01"]
[BlackClock "0:00:28"]

1. e4 c5 2. Nc3 e6 3. Nf3 a6 4. g3 b5 5. Bg2 Bb7 6. O-O b4 7. Na4 Bxe4 8. d4 cxd4 9. Qxd4 Bc6 10. Nb6 Ra7 11. Bf4 Rb7 12. Nc4 d5 13. Nd6+ Bxd6 14. Qxg7 Qf6 15. Qxf6 Nxf6 16. Bxd6 Nbd7 17. Nd4 Bb5 18. Nxb5 Rxb5 19. a3 bxa3 20. Rxa3 Rb6 21. Bf4 O-O 22. b3 Rc8 23. Ra2 h5 24. Rfa1 Rbc6 25. c4 Nc5 26. cxd5 Nxd5 27. Bxd5 exd5 28. b4 Nd3 29. Bd2 Rc2 30. Rxc2 Rxc2 31. Be3 Nxb4 32. Ra4 Rb2 33. Bc5 Nd3 34. Bd4 Rb4 35. Rxb4 Nxb4 36. Kf1 Kh7 37. Ke2 Kg6 38. Kd2 Kf5 39. Kc3 Nc6 40. Bc5 Ke4 41. Bd6 Kf3 42. Kd3 Kxf2 43. Bf4 Kf3 44. Kc3 Ke4 45. Kd2 d4 46. Kc2 Nb4+ 47. Kd2 Nd5 48. Bg5 Ne3 49. Bh6 Nf1+ 50. Ke2 Nxh2 51. Bg7 d3+ 52. Kd1 Nf1 53. Bc3 Nxg3 54. Be1 Nf5 55. Kd2 h4 56. Bf2 a5 0-1


[Site "https://www.chess.com"]

[Event "Titled Tuesday Blitz June 21 Early 2022"]
[White "Ovchinnikov, Vsevolod"]
[Black "Hamidi, Amir Mohammad"]
[WhiteFideId "24176842"]
[BlackFideId "12563285"]
[WhiteElo "2376"]
[BlackElo "2283"]
[Result "0-1"]
[Round "03"]
[TimeControl "180+1"]
[Date "2022.06.22"]
[WhiteClock "0:00:12"]
[BlackClock "0:00:23"]

1. d4 g6 2. Nf3 Bg7 3. c4 d6 4. Nc3 Nd7 5. e4 e5 6. Bg5 Bf6 7. Be3 Bg7 8. Qd2 Ngf6 9. h3 O-O 10. Bd3 exd4 11. Nxd4 Re8 12. O-O Nc5 13. f3 c6 14. Bc2 d5 15. cxd5 cxd5 16. Nde2 b6 17. exd5 Bb7 18. Bxc5 bxc5 19. Rad1 Nxd5 20. Ba4 Nxc3 21. bxc3 Qxd2 22. Rxd2 Red8 23. Rfd1 Bf6 24. Rxd8+ Rxd8 25. Rxd8+ Bxd8 26. Bb3 Ba6 27. Ng3 c4 28. Bc2 Ba5 29. Ne2 Kg7 30. Kf2 Kf6 31. Ke3 Ke5 32. f4+ Kd6 33. g4 Bb6+ 34. Nd4 Ba5 35. Kd2 Bd8 36. Be4 Bh4 37. Ne2 Bf2 38. Nd4 f6 39. Ne2 Kc5 40. Bf3 Bc8 41. Nc1 f5 42. Ke2 Bg1 43. Kd2 Bd7 44. Ne2 Bf2 45. Nc1 Ba4 46. Ne2 Bd7 47. Nc1 fxg4 48. hxg4 Be8 49. Ke2 Bg1 50. g5 Kd6 51. Kd2 Bb6 52. Ne2 Kc5 53. Ke3 Kb5+ 54. Kd2 Ka4 55. Bd5 Bb5 56. Nd4 Ba6 57. Nc2 Bc7 58. Ke3 Ba5 59. Kd4 Bb6+ 60. Ke4 Bc8 61. Bxc4 Bf5+ 62. Kd5 Bxc2 63. Kc6 Bf5 64. Bg8 Be3 65. Bxh7 Bxf4 66. Bg8 Bxg5 67. c4 Be3 68. c5 Kb4 69. Bb3 Bxc5 70. Kd5 Bf2 71. Ke5 a5 72. Bf7 a4 73. Kf4 Ka3 74. Kg5 Kb2 75. Kf6 a3 76. Kg5 Bb1 77. Kh6 Be3+ 78. Kg7 g5 79. Kf6 Bc1 80. Bd5 Bxa2 0-1


[Site "https://www.chess.com"]

[Event "Titled Tuesday Blitz June 21 Early 2022"]
[White "Papasimakopoulos, Alexandros"]
[Black "Samadov, Read"]
[WhiteFideId "4244125"]
[BlackFideId "13417444"]
[WhiteElo "2340"]
[BlackElo "2084"]
[Result "1/2-1/2"]
[Round "03"]
[TimeControl "180+1"]
[Date "2022.06.21"]
[WhiteClock "0:00:10"]
[BlackClock "0:00:06"]

1. d4 Nf6 2. c4 e6 3. Nc3 Bb4 4. Qc2 d5 5. cxd5 exd5 6. Bg5 h6 7. Bh4 O-O 8. e3 c5 9. dxc5 Be6 10. Nf3 Nbd7 11. a3 Bxc5 12. Be2 Rc8 13. O-O a6 14. Rfd1 Be7 15. Rac1 b5 16. Nd4 Qb6 17. Nf5 Bd8 18. Nd4 Ne5 19. Nxe6 fxe6 20. Bg3 Nc4 21. Bxc4 bxc4 22. Be5 Ng4 23. Bg3 Bc7 24. Rd2 Bxg3 25. hxg3 Rf5 26. e4 Ne3 27. Qa4 dxe4 28. Nxe4 Rcf8 29. Re1 Ng4 30. Qxc4 Nxf2 31. Qd4 Qxd4 32. Rxd4 Nxe4 33. Rdxe4 Rb5 34. R1e2 Rfb8 35. Rxe6 Rxb2 36. Rxb2 Rxb2 37. Rxa6 Ra2 38. Kh2 Kh7 39. a4 h5 40. Kh3 g6 41. Ra8 Kh6 42. a5 Kg5 43. a6 Ra1 44. Kh2 Ra2 45. Kg1 Kg4 46. Kh2 Ra1 47. Ra7 Ra2 48. Ra8 Ra1 49. Ra7 Ra2 50. Ra8 1/2-1/2


[Site "https://www.chess.com"]

[Event "Titled Tuesday Blitz June 21 Early 2022"]
[White "Papp, Levente"]
[Black "Topalov, Aleksandar"]
[WhiteFideId "751243"]
[BlackFideId "925659"]
[WhiteElo "2308"]
[BlackElo "2179"]
[Result "0-1"]
[Round "03"]
[TimeControl "180+1"]
[Date "2022.06.22"]
[WhiteClock "0:00:02"]
[BlackClock "0:00:12"]

1. Nf3 Nf6 2. g3 c5 3. Bg2 Nc6 4. O-O g6 5. e3 Bg7 6. c4 O-O 7. d4 d6 8. Nc3 a6 9. b3 Rb8 10. Qe2 Bg4 11. d5 Ne5 12. Bb2 b5 13. Rab1 Nfd7 14. Ba1 Qa5 15. Ne4 bxc4 16. bxc4 Qa4 17. h3 Bxf3 18. Bxf3 Qxc4 19. Qxc4 Nxc4 20. Bxg7 Kxg7 21. Be2 Na3 22. Rxb8 Rxb8 23. Bxa6 Rb2 24. Nc3 Rc2 25. Nb5 Rxa2 26. e4 Ne5 27. Nxa3 Rxa3 28. Bb5 Rb3 29. Ba6 Nf3+ 30. Kg2 Ra3 31. Rc1 Nh4+ 32. gxh4 Rxa6 33. f3 Kf6 34. Kg3 Ra4 35. Kf4 h6 36. Rc3 Ra1 37. Rb3 Rg1 38. Rb6 g5+ 39. hxg5+ hxg5+ 40. Ke3 Rg3 41. Rb8 Rxh3 42. Rg8 Rh2 43. Rc8 Rh3 44. Kf2 Rh2+ 45. Ke3 Rc2 46. Rh8 Kg6 47. Rg8+ Kf6 48. Rh8 Rc3+ 49. Kf2 c4 50. Rh6+ Ke5 51. Rh7 Kf6 52. Rh6+ Kg7 53. Rh1 Rc2+ 54. Ke3 c3 55. Kd3 Rf2 56. Kxc3 Rxf3+ 57. Kd4 Rf4 58. Ra1 f5 59. Ra7 Rxe4+ 60. Kd3 Kf6 61. Ra8 g4 62. Rg8 Ke5 63. Rg5 Kxd5 64. Rxf5+ Re5 65. Rf4 Rg5 66. Rd4+ Ke5 67. Re4+ Kf6 68. Rf4+ Kg6 69. Ke4 e5 70. Rf1 g3 71. Kf3 g2 72. Rg1 Kf5 73. Ke3 d5 74. Kf3 e4+ 75. Ke3 Ke5 76. Kf2 d4 77. Ke2 Kf4 78. Kf2 e3+ 79. Ke2 Ke4 80. Ke1 d3 81. Kd1 Ra5 82. Kc1 Ra1+ 0-1


[Site "https://www.chess.com"]

[Event "Titled Tuesday Blitz June 21 Early 2022"]
[White "Paravyan, David"]
[Black "Barp, Alberto"]
[WhiteFideId "4194985"]
[BlackFideId "872555"]
[WhiteElo "2569"]
[BlackElo "2229"]
[Result "1-0"]
[Round "03"]
[TimeControl "180+1"]
[Date "2022.06.21"]
[WhiteClock "0:01:02"]
[BlackClock "0:01:44"]

1. e4 c6 2. d4 d5 3. e5 Bf5 4. h4 h5 5. Bd3 Bxd3 6. Qxd3 e6 7. Bg5 Qb6 8. Nd2 Ne7 9. Ne2 Nf5 10. O-O Qa6 11. c4 Nd7 12. b3 Nb6 13. Ng3 Ne7 14. a4 Ng6 15. a5 Nd7 16. f4 Be7 17. f5 Nxh4 18. f6 gxf6 19. Bxh4 fxe5 20. Bxe7 e4 21. Qe3 Kxe7 22. Qg5+ f6 23. Qg7+ Kd6 24. Ngxe4+ dxe4 25. Nxe4+ Kc7 26. Nc5 1-0


[Site "https://www.chess.com"]

[Event "Titled Tuesday Blitz June 21 Early 2022"]
[White "Pein, Jonathan"]
[Black "Lopez Del Alamo, Antonio"]
[WhiteFideId "417092"]
[BlackFideId "2227339"]
[WhiteElo "2140"]
[BlackElo "2089"]
[Result "1-0"]
[Round "03"]
[TimeControl "180+1"]
[Date "2022.06.22"]
[WhiteClock "0:00:14"]
[BlackClock "0:01:20"]

1. c4 Nf6 2. Nc3 g6 3. e4 d6 4. g3 Bg7 5. Bg2 c5 6. Nge2 O-O 7. d4 cxd4 8. Nxd4 Nc6 9. Nxc6 bxc6 10. e5 dxe5 11. Qxd8 Rxd8 12. Bxc6 Rb8 13. O-O Be6 14. b3 Ne8 15. Be3 a6 16. Rad1 Nd6 17. Bd5 Bg4 18. f3 Bh3 19. Rfe1 Nf5 20. Ba7 Rbc8 21. Ne4 Nd4 22. Nf2 Bf5 23. Bxd4 exd4 24. Rxe7 Bc2 25. Rd2 Bb1 26. Rxf7 Rxd5 27. Rxg7+ Kxg7 28. cxd5 Rc2 29. Rxd4 Kf8 30. d6 Ke8 31. d7+ Kd8 32. f4 Rxa2 33. Ng4 Bf5 34. Ne5 Bh3 35. Nf7+ Ke7 36. d8=Q+ Kxf7 37. Rd7+ Ke6 38. Qe7+ Kf5 39. Rd5+ Kg4 40. Qe6+ Kf3 41. Rd3# 1-0


[Site "https://www.chess.com"]

[Event "Titled Tuesday Blitz June 21 Early 2022"]
[White "Perez Leiva, Jerzy Jesus"]
[Black "Ciuffoletti, Paolo"]
[WhiteFideId "3524337"]
[BlackFideId "807630"]
[WhiteElo "2287"]
[BlackElo "2143"]
[Result "1-0"]
[Round "03"]
[TimeControl "180+1"]
[Date "2022.06.22"]
[WhiteClock "0:00:45"]
[BlackClock "0:00:03"]

1. e4 c5 2. Nf3 Nc6 3. Bb5 e6 4. O-O Nge7 5. d4 cxd4 6. Nxd4 Nxd4 7. Qxd4 Nc6 8. Qd3 Be7 9. Qg3 O-O 10. Bh6 Bf6 11. Bxc6 Bxb2 12. e5 g6 13. Nd2 Bxa1 14. Rxa1 dxc6 15. Ne4 f5 16. Bxf8 fxe4 17. Bd6 Bd7 18. h4 Qe8 19. h5 Qf7 20. Re1 Rd8 21. Rxe4 Be8 22. Rf4 Qg7 23. hxg6 Bxg6 24. Qh4 1-0


[Site "https://www.chess.com"]

[Event "Titled Tuesday Blitz June 21 Early 2022"]
[White "Petrova, Irina"]
[Black "Mitrovic, Darko R"]
[WhiteFideId "14124122"]
[BlackFideId "927023"]
[WhiteElo "1993"]
[BlackElo "2150"]
[Result "0-1"]
[Round "03"]
[TimeControl "180+1"]
[Date "2022.06.22"]
[WhiteClock "0:00:27"]
[BlackClock "0:00:12"]

1. e4 e6 2. d4 d5 3. Nc3 Bb4 4. Ne2 Nf6 5. Bg5 h6 6. Bxf6 Qxf6 7. a3 Bxc3+ 8. Nxc3 c6 9. e5 Qe7 10. Bd3 a6 11. Ne2 c5 12. c3 O-O 13. O-O Bd7 14. Rc1 Bb5 15. Bxb5 axb5 16. dxc5 Qxc5 17. Nd4 Nc6 18. f4 Nxd4 19. cxd4 Qb6 20. Qd3 b4 21. Rc5 Rfc8 22. Rfc1 Rxc5 23. Rxc5 bxa3 24. bxa3 g6 25. h4 h5 26. f5 exf5 27. Rxd5 Qb2 28. Rb5 Qc1+ 29. Kh2 Rxa3 30. Qf1 Qe3 31. Rxb7 Qxd4 32. e6 Qxh4+ 33. Kg1 Qd4+ 34. Kh2 Qe5+ 35. Kh1 Qxe6 36. Qb1 Qe5 37. Rb8+ Kg7 38. Rb2 Re3 0-1


[Site "https://www.chess.com"]

[Event "Titled Tuesday Blitz June 21 Early 2022"]
[White "Pham, Tran Gia Phuc"]
[Black "Poltorak, Sebastian"]
[WhiteFideId "12415669"]
[BlackFideId "1199498"]
[WhiteElo "1789"]
[BlackElo "2104"]
[Result "1-0"]
[Round "03"]
[TimeControl "180+1"]
[Date "2022.06.22"]
[WhiteClock "0:01:38"]
[BlackClock "0:00:14"]

1. c4 Nf6 2. Nc3 e5 3. Nf3 Nc6 4. d4 exd4 5. Nxd4 Bb4 6. Nxc6 bxc6 7. g3 O-O 8. Bg2 d5 9. O-O Be6 10. cxd5 cxd5 11. Bg5 c6 12. a3 Be7 13. Na4 h6 14. Bxf6 Bxf6 15. Rc1 Qd6 16. b4 a5 17. Nc5 axb4 18. axb4 Rfb8 19. Rb1 Bc3 20. Ne4 Be5 21. Nxd6 Bxd6 22. b5 cxb5 23. Bxd5 Bxd5 24. Qxd5 Bf8 25. Rxb5 Rd8 26. Qf3 Re8 27. Rb7 Be7 28. Rxe7 1-0


[Site "https://www.chess.com"]

[Event "Titled Tuesday Blitz June 21 Early 2022"]
[White "Piesik, Piotr"]
[Black "Matyukov, Petr"]
[WhiteFideId "1136194"]
[BlackFideId "4103688"]
[WhiteElo "2247"]
[BlackElo "2278"]
[Result "0-1"]
[Round "03"]
[TimeControl "180+1"]
[Date "2022.06.22"]
[WhiteClock "0:01:05"]
[BlackClock "0:01:29"]

1. Nf3 c5 2. e4 g6 3. g3 Bg7 4. Bg2 Nc6 5. O-O e6 6. c3 Nge7 7. d4 cxd4 8. cxd4 d5 9. e5 O-O 10. Nc3 a6 11. Na4 Nf5 12. Bg5 Qa5 13. Bd2 Qc7 14. Rc1 b5 15. Nc5 Qb6 16. Be3 Nxe3 17. fxe3 f6 18. Bh3 fxe5 19. Nxe6 exd4 20. Nfxd4 Nxd4 21. Rxf8+ Bxf8 22. Nxf8 Bxh3 23. Nxh7 Kxh7 24. exd4 Rf8 25. Qe2 Qxd4+ 26. Kh1 Qe4+ 0-1


[Site "https://www.chess.com"]

[Event "Titled Tuesday Blitz June 21 Early 2022"]
[White "Polster, Christian"]
[Black "Yurovskykh, Oleksandr"]
[WhiteFideId "12965081"]
[BlackFideId "14134020"]
[WhiteElo "2273"]
[BlackElo "2292"]
[Result "0-1"]
[Round "03"]
[TimeControl "180+1"]
[Date "2022.06.22"]
[WhiteClock "0:00:09"]
[BlackClock "0:00:53"]

1. e4 d5 2. exd5 Qxd5 3. Nc3 Qd8 4. Bc4 c5 5. Nf3 Nc6 6. d3 Nf6 7. Be3 e6 8. O-O Be7 9. d4 cxd4 10. Nxd4 Nxd4 11. Qxd4 Qxd4 12. Bxd4 a6 13. a4 Bd7 14. Rfe1 Bc6 15. Rad1 O-O-O 16. Bb6 Rxd1 17. Rxd1 Nd7 18. Be3 Bf6 19. Bb3 Bxc3 20. bxc3 Rd8 21. Kf1 Nf6 22. Rxd8+ Kxd8 23. f3 Nd7 24. Ke2 a5 25. Kd3 b6 26. Bd4 e5 27. Bf2 f6 28. Kc4 Kc7 29. Kd3 Nc5+ 30. Kc4 Kd6 31. Be3 g5 32. Bf2 h6 33. Be3 f5 34. Bf2 f4 35. Bg1 e4 36. fxe4 Bxe4 37. Bxc5+ bxc5 38. Kb5 Bxg2 39. Kxa5 f3 40. Bc4 f2 41. Kb6 f1=Q 42. Bxf1 Bxf1 43. a5 g4 44. a6 Bxa6 45. Kxa6 h5 46. Kb5 Kd5 47. c4+ Kd6 48. Ka4 h4 49. Kb3 g3 50. Kc3 gxh2 51. Kd3 h1=Q 52. Ke3 h3 53. Ke2 h2 54. Kd3 Qg1 55. Kd2 Qd4+ 56. Kc1 h1=Q# 0-1


[Site "https://www.chess.com"]

[Event "Titled Tuesday Blitz June 21 Early 2022"]
[White "Pourkashiyan, Atousa"]
[Black "Al-Tarboush, Ward"]
[WhiteFideId "12502014"]
[BlackFideId "7601450"]
[WhiteElo "2247"]
[BlackElo "2249"]
[Result "0-1"]
[Round "03"]
[TimeControl "180+1"]
[Date "2022.06.22"]
[WhiteClock "0:00:17"]
[BlackClock "0:00:25"]

1. e4 b6 2. d4 Bb7 3. Nc3 e6 4. Nf3 Bb4 5. Bd3 Nf6 6. Qe2 d5 7. e5 Ne4 8. Bd2 Bxc3 9. bxc3 c5 10. O-O Nxd2 11. Qxd2 c4 12. Be2 Nc6 13. Ng5 Qe7 14. f4 h6 15. Nh3 g6 16. Nf2 O-O-O 17. Ng4 Nb8 18. a4 a6 19. Nf6 Nd7 20. Nxd7 Qxd7 21. Rab1 Kc7 22. Rb4 a5 23. Rb2 Bc6 24. Rfb1 Rb8 25. Rb5 Bxb5 26. Rxb5 Qe7 27. Bg4 Qa3 28. f5 gxf5 29. Bh5 Qxa4 30. Rb1 Qd7 31. Kh1 b5 32. g4 fxg4 33. Rf1 Rbf8 34. Qc1 Qe7 35. Qa1 Kb6 36. Rb1 Rhg8 37. Qa4 Qd7 38. Qa3 Rc8 39. Ra1 a4 40. Rb1 Rg5 41. Bxf7 Rf5 42. Bg6 Rf2 43. Qxa4 Rf1+ 44. Kg2 Rxb1 0-1


[Site "https://www.chess.com"]

[Event "Titled Tuesday Blitz June 21 Early 2022"]
[White "Prieto Aranguren, Alain"]
[Black "Sanchez, Robert"]
[WhiteFideId "2268906"]
[BlackFideId "2034360"]
[WhiteElo "2224"]
[BlackElo "2012"]
[Result "1-0"]
[Round "03"]
[TimeControl "180+1"]
[Date "2022.06.22"]
[WhiteClock "0:00:50"]
[BlackClock "0:01:27"]

1. d4 d5 2. c4 e6 3. Nf3 Be7 4. g3 Nf6 5. Bg2 O-O 6. O-O c6 7. cxd5 exd5 8. a3 Nbd7 9. Ra2 Re8 10. b4 Nf8 11. Rd2 Ne4 12. Rd3 Bf5 13. Re3 Ng6 14. Nc3 Nxc3 15. Rxc3 a5 16. Qb3 axb4 17. axb4 Qb6 18. b5 cxb5 19. Qxd5 b4 20. Re3 Be6 21. Qh5 b3 22. Bb2 Ra2 23. Rb1 Qc6 24. Ng5 Qc2 25. Qxh7+ Kf8 26. Rf1 Bxg5 1-0


[Site "https://www.chess.com"]

[Event "Titled Tuesday Blitz June 21 Early 2022"]
[White "Pulpan, Jakub"]
[Black "Garcia Cuenca, Victor"]
[WhiteFideId "302759"]
[BlackFideId "2250829"]
[WhiteElo "2495"]
[BlackElo "2317"]
[Result "1-0"]
[Round "03"]
[TimeControl "180+1"]
[Date "2022.06.22"]
[WhiteClock "0:01:47"]
[BlackClock "0:01:40"]

1. a3 d5 2. d4 Nf6 3. c4 e6 4. e3 Be7 5. Nf3 O-O 6. Bd3 b6 7. O-O Ba6 8. Nbd2 Nbd7 9. b4 dxc4 10. Nxc4 Bb7 11. Bb2 Be4 12. Bxe4 Nxe4 13. Qd3 Nd6 14. Nce5 Nxe5 15. Nxe5 f6 16. Nc6 Qd7 17. Rac1 b5 18. a4 a6 19. axb5 axb5 20. Na5 Rfc8 21. Rc2 c6 22. Rfc1 Ra6 23. h3 Bd8 24. Nb3 Bb6 25. Nc5 1-0


[Site "https://www.chess.com"]

[Event "Titled Tuesday Blitz June 21 Early 2022"]
[White "Rangel, Daniel"]
[Black "Ziatdinov, Raset"]
[WhiteFideId "2124475"]
[BlackFideId "2015323"]
[WhiteElo "2225"]
[BlackElo "2220"]
[Result "0-1"]
[Round "03"]
[TimeControl "180+1"]
[Date "2022.06.22"]
[WhiteClock "0:00:31"]
[BlackClock "0:00:32"]

1. c4 Nf6 2. g3 g6 3. Bg2 Bg7 4. Nc3 O-O 5. e4 d6 6. Nge2 Nc6 7. d3 e5 8. O-O Nd4 9. Nxd4 exd4 10. Ne2 c5 11. Bg5 a6 12. Nf4 Be6 13. Nd5 Bxd5 14. cxd5 Qb6 15. b3 Qc7 16. f4 Nd7 17. f5 Ne5 18. f6 Bh8 19. Rf4 Qd8 20. Qe2 h6 21. Bxh6 Bxf6 22. Bxf8 Kxf8 23. Raf1 Bg5 24. R4f2 Be3 25. Bh3 Bxf2+ 26. Qxf2 Kg7 27. Qe2 Qg5 28. Rf4 Rh8 29. Bf1 b5 30. a4 bxa4 31. bxa4 Rb8 32. Kg2 Rb4 33. h4 Qh6 34. Qc2 Qh8 35. Kh3 Qe8 36. h5 gxh5 37. Rf5 Qxa4 38. Qd2 Qd7 39. Qg5+ Ng6 40. Be2 Qe7 41. Qxh5 Rb8 42. Kg2 Rb2 43. Kf1 Rb1+ 44. Kg2 Rb2 45. Kf1 a5 46. Qh3 a4 47. Rh5 Qf6+ 48. Ke1 Rb1+ 49. Bd1 Qf3 50. Rh7+ Kg8 0-1


[Site "https://www.chess.com"]